 Dungeon Crawl Stone Soup version 0.31-a0-152-g6aa68a64a1 (webtiles) character file.

Game seed: 4566152109818940259

952 comborobin the Sneak (level 7, -9/61 HPs)
             Began as a Deep Elf Delver on June 10, 2023.
             Mangled by a gnoll
             ... wielding a +0 halberd
             ... led by a gnoll sergeant
              (11 damage)
             ... on level 5 of the Dungeon.
             The game lasted 00:05:56 (1373 turns).

comborobin the Sneak (Deep Elf Delver)              Turns: 1373, Time: 00:05:56

Health: -9/61      AC: 30    Str: 12    XL:     7   Next: 90%
Magic:  16/16      EV:  2    Int: 20    God:
Gold:   77         SH:  0    Dex: 14    Spells: 7/15 levels left

rFire   . . .        j - +9 short sword "Yqucono" {protect, rC+ SInv}
rCold   + . .        (no shield)
rNeg    . . .        e - melded +0 robe
rPois   +            o - melded +0 helmet
rElec   .            (cloak currently unavailable)
rCorr   .            (gloves currently unavailable)
SInv    +            (boots currently unavailable)
Will    .....        (no amulet)
Stlth   +++          (no ring)
HPRegen 0.30/turn    (no ring)
MPRegen 0.15/turn

%: no passive effects
@: brilliant, tree-form, under a protective aura
A: stationary, stasis, torment immunity, boosted hp, clever 1, strong 1
a: no special abilities


You were on level 5 of the Dungeon.
You were a tree.
You visited 1 branch of the dungeon, and saw 3 of its levels.
You also visited: Ossuary.

You collected 77 gold pieces.

Inventory:

Hand Weapons
 a - a +0 short sword
 j - the +9 short sword "Yqucono" (weapon) {protect, rC+ SInv}
   (You found it on level 4 of the Dungeon)

   rC:        It protects you from cold.
   SInv:      It lets you see invisible.
Armour
 b - a +0 leather armour
 e - a +0 robe (melded)
 o - a +0 helmet (melded)
Wands
 g - a wand of digging (3)
Scrolls
 c - a scroll of fog
Potions
 d - 2 potions of brilliance
 n - a potion of mutation


   Skills:
 - Level 3.0 Fighting
 - Level 4.1 Short Blades
 + Level 4.6 Dodging
 - Level 6.0 Stealth
 - Level 4.7 Spellcasting
 + Level 4.0 Conjurations
 - Level 5.0 Fire Magic


You had 7 spell levels left.
You knew the following spells:

 Your Spells              Type           Power      Damage    Failure   Level
a - Sticky Flame          Conj/Fire      34%        2d5       19%         4
b - Flame Wave            Conj/Fire      34%        2d10      19%         4

Your spell library contained the following spells:

 Spells                   Type           Power      Damage    Failure   Level
 Inner Flame              Hex/Fire       22%        N/A       13%         3
 Irradiate                Conj/Tmut      9%         3d14      82%         5
 Blade Hands              Tmut           3%         N/A       97%         5
 Dragon Form              Tmut           3%         N/A       100%        7


Dungeon Overview and Level Annotations

Branches:
Dungeon (6/15)            Ossuary (visited)
 Temple: D:4-7

Altars:
Cheibriados

Shops:
D:4 ?

Annotations:
D:4 exclusion: ogre


Innate Abilities, Weirdness & Mutations

You are a tree.
Your roots penetrate the ground, keeping you stationary.
You cannot be teleported.
You are immune to unholy pain and torment.
Your maximum health is greatly increased.
Your equipment is partially melded.
Your mind is acute. (Int +4, Str/Dex -1)
Your muscles are strong. (Str +4, Int/Dex -1)


Message History

You hit the troll.
The troll is almost dead.
The gnoll hits you but does no damage. x2
A phantom comes into view.
The gnoll hits you but does no damage. The troll bites you but does no damage.
The troll claws you but does no damage. x2
You puncture the troll!
You kill the troll!
The ogre hits you with a +0 giant club.
The gnoll hits you but does no damage. x2
Training target 5.0 for Fire Magic reached!
Your Dodging skill increases to level 4!
Your Conjurations skill gained 2 levels and is now at level 3!
Your Fire Magic skill increases to level 5!
You puncture the ogre!
The ogre is heavily wounded.
The gnoll hits you from afar with a +0 spear.
The gnoll hits you with a +0 whip. The ogre hits you with a +0 giant club!
* * * LOW HITPOINT WARNING * * *
It was a potion of mutation.
You feel extremely strange.
You feel clever.
You feel stronger.
You feel a little less mighty now.
The gnoll hits you but does no damage. x2
You puncture the ogre!
The ogre is almost dead.
The ogre hits you with a +0 giant club!
* * * LOW HITPOINT WARNING * * *
You hit the ogre.
The ogre is almost dead.
The gnoll hits you with a +0 whip.
* * * LOW HITPOINT WARNING * * *
The gnoll hits you but does no damage.
You hit the ogre.
You kill the ogre!
The gnoll hits you but does no damage. x2
Your Conjurations skill increases to level 4!
You puncture the gnoll!
The gnoll is heavily wounded.
The gnoll hits you but does no damage. x2
The gnoll hits you from afar with a +0 halberd!
You die...

**,,,,,*,,,,,,,,,,**,,,,,,,,,,,,,
,,,,,,,,,,,,,,,,,,,,,,.,,,,,,,,,,
,,,,,,,,,,,,,,,,,,,,,.,,,,,,,,,,,
..,,,,,,,,,,,,.,,*,,.#,,,,*,,,,,,
.,,,,,,,,**###.,,**#.##,,**,,,,**
,,,,,,,,.###...,,*#...##,*,,,,,,*
,,,,,,,,,.....#,*#W....#**,,*,,,*
*,,,,,,,,,,#..###gg.....*,,,,,,,*
**,,,,,,,,*##.).♣)g._...,,*,,*,**
.,,,,,,,,**#...##.......*,,*,***
,**,,,,,,,##....##.....#*,****
...,,,,*+##<.....##...##,,*
...,,,,*_#........##.##,***
...,,,,**#.......#.....**
...,,,,,....#.#.##...#.#
...,,,........#...,..###
...,.[...!.........,##


You could see a phantom and 3 gnolls.

Vanquished Creatures
  A troll (D:5)
  Duvessa (D:5)
  An ogre (D:5)
  3 elf zombies (Ossuary)
  A howler monkey (D:5)
  A centaur zombie (Ossuary)
  A gnoll bouda (D:5)
  A human zombie (Ossuary)
  A hound (D:5)
  An orc wizard (D:5)
  3 hound zombies (Ossuary)
  3 mummies (Ossuary)
  3 gnolls (D:4)
  3 adders (D:4)
  2 adder zombies (Ossuary)
  A dart slug (D:4)
  3 orcs
  2 jackals (D:4)
  A quokka (D:4)
  A ball python (D:4)
  2 goblin zombies (Ossuary)
  2 hobgoblin zombies (Ossuary)
  4 jackal zombies (Ossuary)
  5 kobold zombies (Ossuary)
  2 orc zombies (Ossuary)
  6 quokka zombies (Ossuary)
  5 rat zombies (Ossuary)
60 creatures vanquished.

Notes
Turn   | Place    | Note
-------+----------+-------------------------------------------
     0 | D:5      | comborobin the Deep Elf Delver began the quest for the Orb.
     0 | D:5      | Reached XP level 1. HP: 13/13 MP: 3/3
    44 | D:5      | Noticed an orc wizard
    63 | D:4      | Found a sand-covered staircase.
    72 | D:4      | Noticed an ogre
   125 | D:4      | Identified the +9 short sword "Yqucono" {protect, rC+ SInv}
   177 | Ossuary  | Entered an ossuary
   199 | Ossuary  | Reached XP level 2. HP: 18/19 MP: 4/4
   243 | Ossuary  | Reached XP level 3. HP: 14/23 MP: 5/5
   243 | Ossuary  | Reached XP level 4. HP: 18/28 MP: 6/6
   380 | Ossuary  | Reached XP level 5. HP: 32/32 MP: 9/11
   629 | Ossuary  | Learned a level 4 spell: Sticky Flame
   634 | Ossuary  | Learned a level 4 spell: Flame Wave
   704 | Ossuary  | Reached skill level 1 in Fire Magic
   780 | Ossuary  | Reached XP level 6. HP: 31/37 MP: 15/15
  1278 | D:4      | Found Xyetass's Magic Scroll Emporium.
  1311 | D:5      | Found a snail-covered altar of Cheibriados.
  1319 | D:5      | Noticed Duvessa
  1322 | D:5      | Reached XP level 7. HP: 41/41 MP: 16/16
  1328 | D:5      | Killed Duvessa
  1329 | D:5      | Reached skill level 1 in Conjurations
  1353 | D:5      | Noticed a troll
  1367 | D:5      | Killed a troll
  1368 | D:5      | Reached skill level 5 in Fire Magic
  1369 | D:5      | Gained mutation: Your mind is acute. (Int +4, Str/Dex -1)
                  | [potion of mutation]
  1369 | D:5      | Gained mutation: Your muscles are strong. (Str +4, Int/Dex
                  | -1) [potion of mutation]
  1371 | D:5      | HP: 2/61 [gnoll/+0 whip[a gnoll sergeant] (3)]
  1373 | D:5      | Mangled by a gnoll

Illustrated notes

Levels and vault maps discovered:
D:4:      layout_basic, serial_shops, nicolae_shop_rolled_up, enter_ossuary_1,
          minmay_misc_feat_ornament
D:5:      layout_cave_pools, kennysheep_mini, lemuel_round_altar,
          minmay_hollow_rounded_squares, uniq_duvessa
D:6:      layout_loops_ring, nicolae_ru_great_annihilating_truth,
          cheibrodos_sewer_entry_drain, uniq_blork_the_orc

Skill      XL: |  1  2  3  4  5  6  7 |
---------------+----------------------+-----
Fighting       | 3 |  3.0
Short Blades   | 4 |  4.1
Spellcasting   | 2 4 |  4.7
Fire Magic     | 2 4 5 |  5.0
Dodging        | 4 |  4.6
Conjurations   | 4 |  4.0
Stealth        | |  6.0

Action                     |  1- 3 |  4- 6 |  7- 9 || total
---------------------------+-------+-------+-------++-------
  Melee: Short sword       |    51 |   149 |    21 ||   221
         Punch             |     1 |       |       ||     1
    Use: Scroll            |     1 |     2 |     2 ||     5
         Potion            |     1 |       |     6 ||     7
   Stab: Sleeping          |       |     2 |       ||     2
 Armour: Leather armour    |    24 |    24 |       ||    48
         Robe              |       |     3 |     4 ||     7
         Skin              |       |       |    46 ||    46
  Dodge: Dodged            |    40 |    69 |    11 ||   120

Table legend: (Time is in decaauts)
 A = Elapsed time spent in this place.
 B = Non-inter-level travel time spent in this place.
 C = Inter-level travel time spent in this place.
 D = Time resting spent in this place.
 E = Time spent auto-exploring this place.
 F = Levels seen in this place.
 G = Mean time per level.
                   A        B        C        D        E       F      G
               +--------+--------+--------+--------+--------+-----+--------+
         Total |   1320 |   1247 |     73 |    275 |    304 |   4 |  330.0 |
       Dungeon |    708 |    635 |     73 |    166 |     82 |   3 |  236.0 |
       Ossuary |    611 |    611 |      0 |    109 |    222 |   1 |  611.0 |
               +--------+--------+--------+--------+--------+-----+--------+

Top non-repeatable levels by time:
 Ossuary: 611 daAuts
     D:4: 499 daAuts
     D:5: 208 daAuts
     D:6: 1 daAuts
